[Event "ICC Open 2015"]
[Site "Internet Chess Club"]
[Date "2015.05.29"]
[Round "6"]
[White "mcplayerus"]
[Black "nurmi"]
[Result "0-1"]
[ICCResult "White checkmated"]
[WhiteElo "1788"]
[BlackElo "2198"]
[Opening "Old Indian defense"]
[ECO "A42"]
[NIC "OI.07"]
[Time "15:01:07"]
[TimeControl "180+0"]

1. d4 d6 2. c4 e5 3. dxe5 dxe5 4. Qxd8+ Kxd8 5. f3 Be6 6. e4 c6 7. Nc3 Nd7
8. Be3 Kc7 9. O-O-O f6 10. Bd3 Nh6 11. Nge2 Nf7 12. f4 exf4 13. Nxf4 Bg4 14.
Rd2 Re8 15. h3 Be6 16. Nxe6+ Rxe6 17. Bf4+ Nde5 18. Be2 Bb4 19. Rhd1 Kc8 20.
Kc2 Ree8 21. a3 Bxc3 22. Kxc3 Rd8 23. Rxd8+ Rxd8 24. Rxd8+ Kxd8 25. b4 Ke7
26. c5 g6 27. a4 Ke6 28. b5 Nd8 29. Kb4 g5 30. Bh2 Ndf7 31. a5 f5 32. exf5+
Kxf5 33. a6 bxa6 34. bxc6 Nxc6+ 35. Ka4 a5 36. Bb5 Nfd8 37. Bc7 Ke4 38. Bxd8
Nxd8 39. c6 Ne6 40. Bc4 Nc7 41. Kxa5 Kd4 42. Bg8 h5 43. Bf7 h4 44. Bh5 Kc5
45. Bf3 Kd4 46. Kb4 Na6+ 47. Ka5 Nc7 48. Kb4 Ke5 49. Kc5 Ne6+ 50. Kb5 Nc7+
51. Kc5 Ne6+ 52. Kb5 Nc7+ 53. Kc5 Ke6 54. Bg4+ Ke5 55. Bd7 Na6+ 56. Kb5 Nc7+
57. Ka5 Kd4 58. Kb4 Kd5 59. Kc3 Kc5 60. Kd3 a5 61. Kc3 a4 62. Kb2 Nb5 63. c7
Nxc7 64. Bxa4 Kd4 65. Bd7 Ke3 66. Bc6 Ne6 67. Kc3 Nf4 68. Bf3 Kf2 69. Be4
Nxg2 70. Kd4 Nf4 71. Bf5 Kg3 72. Ke4 Nxh3 73. Ke5 Nf4 74. Kf6 g4 75. Kg5 h3
76. Bxg4 h2 77. Bf3 Kxf3 78. Kh4 h1=Q+ 79. Kg5 Qh5+ 80. Kf6 Ng2 81. Ke7 Kg4
82. Kd6 Qf5 83. Kc7 Kg5 84. Kb7 Qe6 85. Ka8 Kf5 86. Ka7 Qd6 87. Ka8 Qb4 88.
Ka7 Ke6 89. Ka8 Kd6 90. Ka7 Qb5 91. Ka8 Kc7 92. Ka7 Qb7# {White checkmated}
0-1

[Event "ICC Open 2015"]
[Site "Internet Chess Club"]
[Date "2015.05.29"]
[Round "6"]
[White "blunder23"]
[Black "mementogambit"]
[Result "1/2-1/2"]
[ICCResult "Black ran out of time and White has no material to mate"]
[WhiteElo "1475"]
[BlackElo "1592"]
[Opening "French: advance, Euwe variation"]
[ECO "C02"]
[NIC "FR.03"]
[Time "15:01:04"]
[TimeControl "180+0"]

1. d4 e6 2. e4 d5 3. e5 c5 4. Nf3 Nc6 5. c3 Bd7 6. Bb5 cxd4 7. Bxc6 bxc6 8.
cxd4 c5 9. Nc3 cxd4 10. Nxd4 Bc5 11. Ndb5 Bxb5 12. Nxb5 Qa5+ 13. Nc3 Ne7 14.
Qa4+ Qxa4 15. Nxa4 Bd4 16. f4 O-O 17. Nc3 f6 18. Ke2 fxe5 19. fxe5 Bxe5 20.
Bg5 Ng6 21. Rhf1 Bxh2 22. Rf3 Ne5 23. Rh3 Bf4 24. Be7 Rf7 25. Bd6 Nc4 26.
Bxf4 Rxf4 27. Rah1 h6 28. b3 Nd6 29. Rf3 Rxf3 30. gxf3 Rc8 31. Kd3 Nf5 32.
Na4 g5 33. Nc3 Kg7 34. Ne2 Kf6 35. f4 g4 36. Rg1 h5 37. Rh1 Kg6 38. Nd4 Nxd4
39. Kxd4 Rc2 40. Ke5 Rxa2 41. Kxe6 Rb2 42. f5+ Kg5 43. f6 Rxb3 44. f7 Re3+
45. Kd7 Rf3 46. Ke7 Kg6 47. f8=Q Rxf8 48. Kxf8 g3 49. Rh3 h4 50. Rxh4 Kg5
51. Rh1 Kg4 52. Ke7 Kf3 53. Kd6 g2 54. Rg1 d4 55. Ra1 d3 56. Kc5 d2 57. Kd4
Ke2 58. Ke4 d1=Q 59. Rxd1 Kxd1 60. Kf3 g1=Q 61. Ke4
{Black ran out of time and White has no material to mate}
1/2-1/2

[Event "ICC Open 2015"]
[Site "Internet Chess Club"]
[Date "2015.05.29"]
[Round "6"]
[White "picopico"]
[Black "Meditator"]
[Result "0-1"]
[ICCResult "White checkmated"]
[WhiteElo "1905"]
[BlackElo "2277"]
[Opening "Benoni: 6.e4"]
[ECO "A65"]
[NIC "BI.38"]
[Time "15:02:49"]
[TimeControl "180+0"]

1. d4 Nf6 2. c4 c5 3. d5 e6 4. Nc3 exd5 5. cxd5 d6 6. e4 g6 7. Bd3 Bg7 8. h3
O-O 9. Nf3 Nbd7 10. O-O Nh5 11. Re1 Re8 12. Bg5 Bf6 13. Be3 Ne5 14. Nxe5
Bxe5 15. Qd2 Qf6 16. Bg5 Bf4 17. Bxf4 Nxf4 18. Qe3 a6 19. a4 b6 20. Rab1 Bd7
21. Bc2 Re5 22. b4 Rg5 23. g4 Nxh3+ 24. Qxh3 Rxg4+ 25. Qxg4 Bxg4 26. Re3 Bf3
27. Bd1 Qg5+ 28. Kf1 Qg2+ 29. Ke1 Qg1+ 30. Kd2 Qxf2+ 31. Be2 Bxe2 32. Rxe2
Qd4+ 33. Kc2 cxb4 34. Na2 Rc8+ 35. Kb3 Rc3+ 36. Nxc3 Qxc3+ 37. Ka2 Qa3#
{White checkmated}
0-1

[Event "ICC Open 2015"]
[Site "Internet Chess Club"]
[Date "2015.05.29"]
[Round "6"]
[White "JEMEM"]
[Black "Ennjy"]
[Result "0-1"]
[ICCResult "White checkmated"]
[WhiteElo "1996"]
[BlackElo "1944"]
[Opening "QGA: 3.e4"]
[ECO "D20"]
[NIC "QG.04"]
[Time "15:02:11"]
[TimeControl "180+0"]

1. d4 d5 2. c4 dxc4 3. e4 Nc6 4. Nf3 Bg4 5. Bxc4 Bxf3 6. Qxf3 e6 7. d5 Ne5
8. Qe2 Bb4+ 9. Bd2 Nxc4 10. Bxb4 Nd6 11. e5 Nf5 12. dxe6 fxe6 13. O-O Nge7
14. Qb5+ c6 15. Qc4 Qd5 16. Qg4 O-O 17. Bc3 Ng6 18. Re1 Qc5 19. Qe2 Nf4 20.
Qe3 Nxe3 21. fxe3 Nd5 22. Bd4 Qc2 23. e4 Nf4 24. Bf2 Ne2+ 25. Kh1 Rxf2 26.
Na3 Qxe4 27. Rg1 Nxg1 28. Rxg1 Raf8 29. h3 Rf1 30. Nb1 Qxb1 31. Kh2 Rxg1 32.
h4 Rh1+ 33. Kg3 Qe1+ 34. Kg4 Qe4+ 35. Kg3 Qxh4# {White checkmated} 0-1

[Event "ICC Open 2015"]
[Site "Internet Chess Club"]
[Date "2015.05.29"]
[Round "6"]
[White "waynerooney"]
[Black "Nos"]
[Result "0-1"]
[ICCResult "White forfeits on time"]
[WhiteElo "1956"]
[BlackElo "2333"]
[Opening "French: Tarrasch, open variation"]
[ECO "C07"]
[NIC "FR.18"]
[Time "15:01:42"]
[TimeControl "180+0"]

1. e4 e6 2. d4 d5 3. Nd2 c5 4. Ngf3 cxd4 5. Nxd4 Nf6 6. exd5 Nxd5 7. N2f3
Be7 8. Bb5+ Bd7 9. Bxd7+ Nxd7 10. O-O Rc8 11. c3 O-O 12. Nb3 Bf6 13. Re1 a6
14. Be3 Nxe3 15. Rxe3 Nc5 16. Nxc5 Rxc5 17. Qb3 Rb5 18. Qc2 Rd5 19. Qb3 Qd7
20. h3 Rd8 21. Rae1 h6 22. R3e2 Qc6 23. Qc2 b5 24. Qe4 Qc7 25. Qg4 h5 26.
Qe4 Qa5 27. a3 Qb6 28. c4 bxc4 29. Qxc4 Bxb2 30. a4 Bf6 31. Qa2 Qa5 32. Rb1
Rd1+ 33. Rxd1 Rxd1+ 34. Kh2 Qc7+ 35. g3 h4 36. Kg2 hxg3 37. fxg3 Qb6 38. Qc4
g6 39. Qe4 Kg7 40. h4 Rd5 41. Qg4 Qc6 42. Ng5 Rxg5+ 43. Qe4 Qxe4+ 44. Rxe4
Rc5 45. Rd4 Bxd4 46. Kf3 Ra5 47. Ke4 Rxa4 {White forfeits on time} 0-1

[Event "ICC Open 2015"]
[Site "Internet Chess Club"]
[Date "2015.05.29"]
[Round "6"]
[White "depressnyak"]
[Black "Discoverchess"]
[Result "1-0"]
[ICCResult "Black resigns"]
[WhiteElo "3270"]
[BlackElo "2457"]
[Opening "Queen's pawn, Mason variation"]
[ECO "D00"]
[NIC "QP.08"]
[Time "15:02:44"]
[TimeControl "180+0"]

1. d4 d5 2. Bf4 Nf6 3. e3 c5 4. c3 Nc6 5. Nf3 Qb6 6. Qc2 Bf5 7. dxc5 Bxc2 8.
cxb6 axb6 9. Na3 Be4 10. Nb5 Kd7 11. Ne5+ Nxe5 12. Bxe5 Rc8 13. f3 Bg6 14.
h4 h5 15. Nd4 e6 16. Bb5+ Kd8 17. Rd1 Nd7 18. Bg3 Bc5 19. Kf2 Ke7 20. Rhe1
Nf6 21. Nb3 Rhd8 22. Rd2 Bd6 23. Bxd6+ Rxd6 24. Red1 Rcd8 25. Nd4 e5 26. Ne2
Bh7 27. Ng1 e4 28. Ne2 exf3 29. gxf3 Bf5 30. Nf4 Be6 31. Rd4 g6 32. Ba4 Ng8
33. Bb3 Nf6 34. a4 R8d7 35. Rb4 Rc7 36. Rdd4 Rc5 37. Rb5 Rc8 38. Rdb4 Rcc6
39. a5 bxa5 40. Rxa5 Kf8 41. Rxb7 Bf5 42. Raa7 Be6 43. Nxe6+ fxe6 44. Rb8+
Ne8 45. Ba4 {Black resigns} 1-0

[Event "ICC Open 2015"]
[Site "Internet Chess Club"]
[Date "2015.05.29"]
[Round "6"]
[White "Inmune"]
[Black "Andrei21"]
[Result "1-0"]
[ICCResult "Black forfeits on time"]
[WhiteElo "2997"]
[BlackElo "2978"]
[Opening "Old Indian: Tartakower (Wade) variation"]
[ECO "A41"]
[NIC "QO.17"]
[Time "15:01:38"]
[TimeControl "180+0"]

1. d4 d6 2. Nf3 Bg4 3. Bf4 Nd7 4. h3 Bh5 5. g4 Bg6 6. Bg2 c6 7. c3 Qc7 8.
O-O e5 9. Bh2 Ngf6 10. Na3 Be7 11. Rc1 O-O 12. Nc4 b5 13. Ne3 e4 14. Nd2 Qb7
15. c4 c5 16. cxb5 cxd4 17. Nc2 Qxb5 18. Nxd4 Qxb2 19. Nc4 Qxa2 20. Nc6 Rfe8
21. Nxe7+ Rxe7 22. Nxd6 h6 23. e3 Ne5 24. Qd4 Nf3+ 25. Bxf3 exf3 26. Qf4 a5
27. Qxf3 Qd5 28. Qxd5 Nxd5 29. Rc5 Nf6 30. Ra1 a4 31. Rc4 a3 32. Rc8+ Rxc8
33. Nxc8 Re8 34. Nb6 Re6 35. Nc4 Bd3 36. Ne5 Be4 37. Rxa3 g5 38. f3 Bd5 39.
e4 Bb7 40. Ra7 Rb6 41. Nc4 Rb1+ 42. Kg2 Bc6 43. Be5 Nd7 44. Bd4 Rb4 45. Ne5
Rxd4 46. Nxc6 Rd2+ 47. Kg3 Nc5 48. Ne7+ Kg7 49. Nf5+ Kf6 50. Rc7 Ne6 51. Rc6
Ke5 52. Ne3 Nf4 53. Nc4+ {Black forfeits on time} 1-0

[Event "ICC Open 2015"]
[Site "Internet Chess Club"]
[Date "2015.05.29"]
[Round "6"]
[White "Dodgy"]
[Black "SusikoiraRoi"]
[Result "1-0"]
[ICCResult "Black forfeits on time"]
[WhiteElo "2178"]
[BlackElo "1857"]
[Opening "Dutch: classical variation"]
[ECO "A96"]
[NIC "HD.01"]
[Time "15:01:30"]
[TimeControl "180+0"]

1. d4 e6 2. Nf3 f5 3. c4 Nf6 4. g3 Be7 5. Bg2 O-O 6. O-O d6 7. b4 Ne4 8. Bb2
a5 9. b5 a4 10. a3 c6 11. bxc6 bxc6 12. Nc3 Nxc3 13. Bxc3 Ba6 14. Qxa4 Qc7
15. Rfb1 Nd7 16. Qb3 Rfb8 17. Qa2 d5 18. cxd5 cxd5 19. Qd2 Nf6 20. Ne5 Rxb1+
21. Rxb1 Bxa3 22. Ba5 Qe7 23. Bb4 Bxb4 24. Rxb4 Bxe2 25. Qb2 Bh5 26. h3 Be8
27. Rb7 Qf8 28. Qb6 h6 29. Qxe6+ Kh8 30. Bxd5 Nxd5 31. Qxd5 f4 32. Rc7 Ra1+
33. Kh2 fxg3+ 34. Kxg3 Qf6 35. Ng4 Rg1+ 36. Kh2 Rxg4 37. hxg4 Qxf2+ 38. Qg2
Qf4+ 39. Qg3 Qd2+ 40. Kh3 Qxd4 41. Rc8 Qe4 42. Qg2 Qe7 43. Qg3 Kh7 44. Rc3
Bg6 45. Rf3 Qg5 46. Qh4 Qd8 47. Qxh6+ gxh6 48. Rf4 Qg5 49. Rf6 Qf4 50. Rf7+
{Black forfeits on time}
1-0

[Event "ICC Open 2015"]
[Site "Internet Chess Club"]
[Date "2015.05.29"]
[Round "6"]
[White "MeWantCookie"]
[Black "smoothg"]
[Result "1-0"]
[ICCResult "Black forfeits on time"]
[WhiteElo "1605"]
[BlackElo "1775"]
[Opening "Modern defense"]
[ECO "A40"]
[NIC "QO.17"]
[Time "15:01:20"]
[TimeControl "180+0"]

1. d4 g6 2. Nf3 Bg7 3. Bf4 c5 4. e3 cxd4 5. exd4 Nf6 6. Bd3 O-O 7. O-O d5 8.
c3 Nc6 9. Nbd2 e6 10. Ne5 Nd7 11. Ndf3 Ndxe5 12. Nxe5 Nxe5 13. Bxe5 Bxe5 14.
dxe5 Qg5 15. f4 Qh6 16. Qf3 Qg7 17. g4 f6 18. Rae1 fxe5 19. Rxe5 Bd7 20. Qe3
Rae8 21. h4 a6 22. Kh2 Qh6 23. Kg3 Qg7 24. Rg1 Qe7 25. f5 gxf5 26. gxf5 Kh8
27. Qd4 Rg8+ 28. Kh2 Qf6 29. Rxd5 Qxd4 30. Rxd4 Bc6 31. Rxg8+ Kxg8 32. Rg4+
Kf8 33. fxe6 Re7 34. Rf4+ Ke8 35. Rf7 Rxf7 36. exf7+ Kxf7 37. Bxh7 Bd5 38.
b3 Kg7 39. Bd3 Bc6 40. Kg3 Kh6 41. Bf5 Bd5 42. Bc8 Bh1 43. c4 Bc6 44. Kf4 a5
45. Bg4 Be8 46. a3 b5 47. b4 bxc4 48. bxa5 Bc6 49. Ke3 Bb5 50. Kd4 Ba6 51.
Be6 c3 52. Kxc3 Kh5 53. Bc4 Bb7 54. a6 Ba8 55. Kb4 Kxh4 56. Kc5 Kg5 57. Kb6
Kf6 58. Kc7 Be4 59. Kb8 Bd5 60. Bxd5 Ke5 61. Bb7 Kd6 62. a7 Kc5 63. a8=Q Kd6
64. Qa6+ {Black forfeits on time} 1-0

[Event "ICC Open 2015"]
[Site "Internet Chess Club"]
[Date "2015.05.29"]
[Round "6"]
[White "erwinromel"]
[Black "KingGambits"]
[Result "1-0"]
[ICCResult "Black forfeits on time"]
[WhiteElo "2072"]
[BlackElo "1641"]
[Opening "Queen's pawn game"]
[ECO "D05"]
[NIC "QP.06"]
[Time "15:01:28"]
[TimeControl "180+0"]

1. d4 Nf6 2. Nf3 d5 3. e3 e6 4. Be2 Be7 5. O-O O-O 6. b3 c5 7. Bb2 cxd4 8.
Bxd4 Nc6 9. Bb2 Qc7 10. Nbd2 e5 11. c4 Rd8 12. cxd5 Rxd5 13. Qc1 Bg4 14. h3
Bh5 15. Bc4 Rd7 16. Bb5 Rc8 17. Bxc6 Qxc6 18. Nxe5 Qxc1 19. Bxc1 Rdc7 20.
Nef3 Bb4 21. Nc4 Bxf3 22. gxf3 b5 23. Ne5 Rc2 24. e4 Bc3 25. Bf4 Bxa1 26.
Rxa1 Re2 27. Be3 a6 28. a4 Rb2 29. axb5 axb5 30. Ra7 Rf8 31. b4 Rxb4 32. Bc5
Rb1+ 33. Kg2 Rc8 34. Be3 b4 35. Nxf7 b3 36. Nd6 Rb8 37. e5 Nd5 38. Bd4 b2
39. Nf5 Re1 40. Bxb2 Rxb2 41. Rxg7+ Kf8 42. Rd7 Rxe5 43. Nd6 h5 44. Nc4 Rbe2
45. Nxe5 Rxe5 46. Ra7 h4 47. Kf1 Nf4 48. Rh7 Ra5 49. Ke1 Ra1+ 50. Kd2 Nxh3
51. Ke3 Ng1 52. Rxh4 Re1+ 53. Kd2 Rf1 54. Ke3 Re1+ 55. Kf4 Re2 56. Kg3 Re1
57. Rh7 Ne2+ 58. Kg4 Kg8 59. Re7 Rg1+ 60. Kf5 Nc3 61. Kf6 Rf1 62. Rg7+ Kh8
63. Rf7 Rg1 64. Rf8+ Kh7 65. Rf7+ Kh6 66. Rf8 Kh7 67. Rf7+ Kh8 68. Rf8+
{Black forfeits on time}
1-0

[Event "ICC Open 2015"]
[Site "Internet Chess Club"]
[Date "2015.05.29"]
[Round "6"]
[White "Rinazina46"]
[Black "Estocolmov"]
[Result "1/2-1/2"]
[ICCResult "Game drawn by mutual agreement"]
[WhiteElo "1872"]
[BlackElo "2228"]
[Opening "French: advance, Paulsen attack"]
[ECO "C02"]
[NIC "FR.03"]
[Time "15:01:47"]
[TimeControl "180+0"]

1. e4 e6 2. d4 d5 3. e5 c5 4. c3 Nc6 5. Nf3 cxd4 6. cxd4 Nge7 7. Bd3 Nf5 8.
Bxf5 exf5 9. Nc3 Be7 10. O-O Be6 11. a3 O-O 12. b4 Rc8 13. Bb2 Qb6 14. Na4
Qb5 15. Rc1 a5 16. Nc3 Qb6 17. b5 Nb8 18. Qb3 Rc4 19. Na4 Qc7 20. Nd2 Rxc1
21. Rxc1 Qd8 22. Nc5 Nd7 23. Nxb7 Qb6 24. Nd6 Bxd6 25. exd6 Qxd6 26. a4 f4
27. Ba3 Qb6 28. Bxf8 Nxf8 29. Qc3 h6 30. Qc5 Qb8 31. Qc7 Qa7 32. Qc5 Qd7 33.
Qc6 Qe7 34. Qc5 Qf6 35. Nf3 Bg4 36. Ne5 f3 37. Nxg4 Qg5 38. h3 fxg2 39. Qc3
h5 40. Ne3 Ne6 41. Qc8+ Kh7 42. Qc3 Nf4 {Game drawn by mutual agreement}
1/2-1/2

[Event "ICC Open 2015"]
[Site "Internet Chess Club"]
[Date "2015.05.29"]
[Round "6"]
[White "supermouse"]
[Black "Red-white"]
[Result "0-1"]
[ICCResult "White forfeits on time"]
[WhiteElo "2688"]
[BlackElo "3278"]
[Opening "Réti: King's Indian attack (Barcza system)"]
[ECO "A07"]
[NIC "QP.09"]
[Time "15:01:19"]
[TimeControl "180+0"]

1. Nf3 d5 2. g3 Bf5 3. Bg2 e6 4. O-O c6 5. d3 Nf6 6. Nbd2 Be7 7. Qe1 h6 8.
e4 Bh7 9. Qe2 O-O 10. a4 a5 11. Rd1 Na6 12. c3 Nc5 13. Ne1 d4 14. cxd4 Qxd4
15. Ndf3 Qd8 16. Bf4 Nb3 17. Rab1 Nd4 18. Nxd4 Qxd4 19. b3 Rfd8 20. Nf3 Qb6
21. Ne5 Qa6 22. Qc2 Bd6 23. d4 Qa7 24. Kh1 Nd5 25. Qc1 Nxf4 26. gxf4 Bxe5
27. dxe5 Qxf2 28. Rf1 Qh4 29. f5 Re8 30. Qc3 exf5 31. exf5 Rad8 32. Rbe1 Kh8
33. Qxa5 Rd4 34. Qc7 Bg8 35. f6 gxf6 36. Qxb7 Rxe5 37. Qxc6 Rf4 38. Rxe5
fxe5 39. Rxf4 Qxf4 40. Qf3 Qc1+ 41. Qf1 Qg5 42. Bd5 Bh7 43. a5 e4 44. Bxf7
e3 45. Qa1+ Qg7 46. Qxg7+ Kxg7 47. Bh5 Be4+ 48. Kg1 Kf6 49. Kf1 Ke5 50. Bd1
Kd4 51. Ke1 Bd3 52. Be2 Be4 53. b4 Ke5 54. b5 Kd6 55. b6 Kc6 56. a6 Kxb6 57.
Bf1 Ka7 58. Be2 Bd5 59. Bc4 Bc6 {White forfeits on time} 0-1

[Event "ICC Open 2015"]
[Site "Internet Chess Club"]
[Date "2015.05.29"]
[Round "6"]
[White "ShcherbinMatvei"]
[Black "FedoseevVl95"]
[Result "1-0"]
[ICCResult "Black forfeits on time"]
[WhiteElo "2478"]
[BlackElo "3092"]
[Opening "French: advance, Wade variation"]
[ECO "C02"]
[NIC "FR.03"]
[Time "15:00:58"]
[TimeControl "180+0"]

1. e4 e6 2. d4 d5 3. e5 c5 4. c3 Qb6 5. Nf3 Bd7 6. a3 Bb5 7. c4 Bxc4 8. Bxc4
dxc4 9. d5 Ne7 10. Nc3 exd5 11. Nxd5 Nxd5 12. Qxd5 Be7 13. Qxc4 O-O 14. O-O
Qe6 15. Qc3 Nc6 16. Bf4 Rad8 17. Rad1 h6 18. h3 b6 19. Rfe1 Na5 20. Qc2 Qc4
21. Qf5 Qe6 22. Qc2 Qb3 23. Qb1 Nc4 24. Nd2 Nxd2 25. Bxd2 c4 26. Bc3 Bxa3
27. e6 Rxd1 28. Rxd1 fxe6 29. Rd7 Rf7 30. Rd8+ Bf8 31. Qg6 Qb5 32. Bxg7 Qg5
33. Qxg5 hxg5 34. Bh6 b5 35. Rb8 a6 36. f3 Rf5 37. Kf2 b4 38. Bxf8 Rxf8 39.
Rxb4 Rc8 40. Ke2 c3 41. bxc3 Rxc3 42. Rg4 Rc5 43. h4 Kf7 44. hxg5 Kg6 45.
Ra4 Rxg5 46. Rxa6 Rxg2+ 47. Kf1 Rg5 48. Rxe6+ Kf5 49. Ra6 Kf4 50. Kf2 Rd5
51. Ra4+ Kf5 52. Ke3 Rc5 53. Rh4 Kg6 54. f4 Kf6 55. Rh6+ Kg7 56. Rd6 Rb5 57.
Ke4 Rb4+ 58. Rd4 Rb5 59. Rd5 Rb4+ 60. Rd4 Rxd4+ 61. Kxd4 Kf6 62. Ke4 Ke6 63.
Ke3 Kf6 64. Kf3 Ke6 65. Kg4 Kf6 66. f5 Kf7 67. Kf4 Kg7 68. Kg5 Kf7 69. Kh4
Kg7 70. Kg4 Kf7 71. Kg5 Kg7 72. f6+ Kf7 73. Kf5 Kf8 74. Ke5 Kg8 75. Ke6 Kf8
76. f7 {Black forfeits on time} 1-0

[Event "ICC Open 2015"]
[Site "Internet Chess Club"]
[Date "2015.05.29"]
[Round "6"]
[White "Tyrel"]
[Black "EirikG"]
[Result "0-1"]
[ICCResult "White checkmated"]
[WhiteElo "2067"]
[BlackElo "2549"]
[Opening "Queen's pawn game"]
[ECO "A45"]
[NIC "QP.07"]
[Time "15:02:41"]
[TimeControl "180+0"]

1. d4 Nf6 2. e3 g6 3. Bd3 Bg7 4. f4 O-O 5. Nf3 d6 6. O-O c5 7. c3 Nc6 8. Bc2
Rb8 9. d5 Na5 10. e4 b5 11. Qe2 e6 12. dxe6 Bxe6 13. f5 Bc4 14. Bd3 Re8 15.
fxg6 hxg6 16. Bxc4 Nxc4 17. Ng5 d5 18. Qf3 dxe4 19. Qh3 Qc8 20. Qh4 Qg4 21.
Qe1 e3 22. Nh3 Rbd8 23. Na3 e2 24. Rf4 Rd1 25. Bd2 Rxe1+ 26. Rxe1 Qd7 27.
Nxc4 bxc4 28. Bc1 Qd1 29. Kf2 Ne4+ 30. Rxe4 Rxe4 31. g3 Bf6 32. Ng1 Qc2 33.
Nf3 Kg7 34. h3 a5 35. Be3 Qxb2 36. Bxc5 Qxc3 37. g4 Rf4 38. Kxe2 Rxf3 39.
Rd1 Bg5 40. Rd2 Bxd2 41. Bd4+ Qxd4 42. Kxf3 Qe3+ 43. Kg2 Be1 44. h4 Qg3+ 45.
Kf1 Qf2# {White checkmated} 0-1

[Event "ICC Open 2015"]
[Site "Internet Chess Club"]
[Date "2015.05.29"]
[Round "6"]
[White "CavacoSilva1939"]
[Black "Talion"]
[Result "1-0"]
[ICCResult "Black forfeits on time"]
[WhiteElo "2389"]
[BlackElo "2919"]
[Opening "Caro-Kann: Rasa-Studier gambit"]
[ECO "B15"]
[NIC "CK.05"]
[Time "15:01:43"]
[TimeControl "180+0"]

1. d4 d5 2. e4 c6 3. Nc3 dxe4 4. f3 Nd7 5. fxe4 e5 6. Nf3 exd4 7. Qxd4 Qf6
8. e5 Qg6 9. Ne4 Nb6 10. Bg5 Be7 11. Bd3 Qe6 12. O-O Qd5 13. Nd6+ Bxd6 14.
exd6 Qxd4+ 15. Nxd4 f6 16. Rae1+ Kf7 17. Re5 Bd7 18. Bd2 Re8 19. Rxe8 Kxe8
20. b4 Nc8 21. Bf4 g5 22. Bg3 Kf7 23. Nf3 Kg7 24. Nxg5 Nh6 25. Ne4 Rf8 26.
Nc5 Nb6 27. Nxb7 Nf7 28. Re1 Nd5 29. Nc5 Rd8 30. a3 Bc8 31. c4 Nb6 32. Ne6+
Bxe6 33. Rxe6 Rd7 34. Bf5 Nh6 35. Bh3 Rf7 36. c5 Nd5 37. Re8 a6 38. d7 Rxd7
39. Bxd7 Nf7 40. Bxc6 Nc3 41. Bb7 Nb5 42. c6 Nfd6 43. Re7+ Kg6 44. c7 Nxc7
45. Rxc7 Nb5 46. Rd7 Nxa3 47. Rd6 Kf7 48. Rxa6 Nb5 49. Rc6 Nd4 50. Rc4
{Black forfeits on time}
1-0

[Event "ICC Open 2015"]
[Site "Internet Chess Club"]
[Date "2015.05.29"]
[Round "6"]
[White "AlexSlizhevsky"]
[Black "FavoritePawn"]
[Result "1-0"]
[ICCResult "Black checkmated"]
[WhiteElo "1999"]
[BlackElo "1211"]
[Opening "French: Marshall variation"]
[ECO "C10"]
[NIC "FR.04"]
[Time "15:02:01"]
[TimeControl "180+0"]

1. e4 e6 2. d4 d5 3. Nc3 c5 4. exd5 exd5 5. Nf3 c4 6. Bg5 Be7 7. Qd2 Bxg5 8.
Nxg5 Nf6 9. Qe3+ Be6 10. Nxe6 fxe6 11. Qxe6+ Qe7 12. Qxe7+ Kxe7 13. g3 Nc6
14. Bg2 Kd6 15. O-O-O Rhe8 16. Nb5+ Kd7 17. Bh3+ Kd8 18. Nd6 Re2 19. f3 Rf2
20. Nxb7+ Kc7 21. Nc5 Rxf3 22. Rhe1 Rf2 23. Re6 Rxh2 24. Bf1 h6 25. c3 Ne4
26. Nxe4 dxe4 27. d5 Nd8 28. d6+ Kd7 29. Re7+ Kc8 30. Bxc4 e3 31. Ba6+ Kb8
32. Rd5 e2 33. Rb5+ Nb7 34. Rbxb7+ Kc8 35. Rbd7+ Kb8 36. Rd8# {Black
checkmated} 1-0

[Event "ICC Open 2015"]
[Site "Internet Chess Club"]
[Date "2015.05.29"]
[Round "6"]
[White "capatal1"]
[Black "raanan"]
[Result "1-0"]
[ICCResult "Black forfeits on time"]
[WhiteElo "1483"]
[BlackElo "1234"]
[Opening "Queen's pawn: Torre attack"]
[ECO "A46"]
[NIC "QP.04"]
[Time "15:02:15"]
[TimeControl "180+0"]

1. d4 Nf6 2. Nf3 e6 3. Bg5 Be7 4. Nbd2 d5 5. e3 c5 6. c3 O-O 7. Bd3 Nc6 8.
O-O Nd7 9. Bf4 Nf6 10. h3 Qb6 11. Rb1 a5 12. b3 a4 13. dxc5 Bxc5 14. bxa4
Qa5 15. Nb3 Qa7 16. Nxc5 Qxc5 17. Qc2 Bd7 18. Nd4 Na5 19. Nb3 Qc6 20. Nxa5
Rxa5 21. Rfc1 Re8 22. Qb3 Rb8 23. Qb6 Qxb6 24. Rxb6 Rba8 25. Bc2 Bc6 26. Bb3
Bxa4 27. Bxa4 Rxa4 28. Rxb7 Rxa2 29. Be5 Ne4 30. Bg3 Nxg3 31. fxg3
{Black forfeits on time}
1-0

[Event "ICC Open 2015"]
[Site "Internet Chess Club"]
[Date "2015.05.29"]
[Round "6"]
[White "shortcastle"]
[Black "podkarpacki"]
[Result "1-0"]
[ICCResult "Black forfeits on time"]
[WhiteElo "1596"]
[BlackElo "1406"]
[Opening "QGD: semi-Slav"]
[ECO "D31"]
[NIC "SL.06"]
[Time "15:01:58"]
[TimeControl "180+0"]

1. c4 e6 2. Nc3 d5 3. d4 c6 4. cxd5 exd5 5. Nf3 Nf6 6. Bg5 Be7 7. e3 h6 8.
Bh4 O-O 9. Bd3 Re8 10. O-O Ne4 11. Bxe7 Rxe7 12. Nd2 Nf6 13. Qc2 Be6 14. Nf3
Nbd7 15. a3 Rc8 16. b4 a6 17. Na4 b5 18. Nc5 Nxc5 19. Qxc5 Ne4 20. Qc2 Bf5
21. Nd2 Nxd2 22. Qxd2 Bxd3 23. Qxd3 Qe8 24. Rac1 g6 25. Rc2 f5 26. Rfc1 Re6
27. Qc3 Kf7 28. Qc5 Rc7 29. Qb6 Qc8 30. Qc5 g5 31. a4 h5 32. axb5 axb5 33.
Qc3 Kf6 34. Qd3 Qd7 35. f3 Qe7 36. Kf2 g4 37. f4 h4 38. g3 h3 39. Qc3 Qe8
40. Qd3 Rd6 41. Rc5 Qa8 42. Rxb5 Qa2+ 43. Rc2 {Black forfeits on time} 1-0

[Event "ICC Open 2015"]
[Site "Internet Chess Club"]
[Date "2015.05.29"]
[Round "6"]
[White "Fivetrick"]
[Black "SPARNALIQ"]
[Result "0-1"]
[ICCResult "White checkmated"]
[WhiteElo "2239"]
[BlackElo "2794"]
[Opening "Réti opening"]
[ECO "A04"]
[NIC "QP.11"]
[Time "15:02:13"]
[TimeControl "180+0"]

1. Nf3 b5 2. g3 Bb7 3. Bg2 Nf6 4. O-O e6 5. d4 Bxf3 6. Bxf3 d5 7. b3 c6 8.
c4 Nbd7 9. Nc3 b4 10. Na4 Bd6 11. Bd2 O-O 12. c5 Bc7 13. Bxb4 e5 14. e3 Re8
15. Bc3 e4 16. Bg2 Nf8 17. b4 Ne6 18. Nb2 h5 19. a4 a6 20. Qe2 Qd7 21. Rfb1
Ng5 22. h4 Nh3+ 23. Kf1 Qf5 24. Be1 Bxg3 25. Nd1 Bc7 26. b5 Bh2 27. bxc6 Ng1
28. Qb2 Ng4 29. Qb7 Kh7 30. Rb6 Rad8 31. c7 Rc8 32. Rd6 Nf3 33. Qxd5 Nge5
34. dxe5 Rxe5 35. Qb7 Rxc5 36. Rd8 R8xc7 37. Qa8 Rc2 38. Rh8+ Kg6 39. Qxa6+
R7c6 40. Qb5 R2c5 41. Qe2 Qg4 42. Nc3 Re6 43. Nxe4 Rxe4 44. Bxf3 Qg1#
{White checkmated}
0-1

[Event "ICC Open 2015"]
[Site "Internet Chess Club"]
[Date "2015.05.29"]
[Round "6"]
[White "kobayashi"]
[Black "LittleDonkey"]
[Result "1-0"]
[ICCResult "Black resigns"]
[WhiteElo "1988"]
[BlackElo "2343"]
[Opening "Two knights defense"]
[ECO "C59"]
[NIC "KP.01"]
[Time "15:02:22"]
[TimeControl "180+0"]

1. e4 e5 2. Nf3 Nc6 3. Bc4 Nf6 4. Ng5 d5 5. exd5 Na5 6. Bb5+ c6 7. dxc6 bxc6
8. Be2 h6 9. Nf3 e4 10. Ne5 Bd6 11. d4 exd3 12. Nxd3 O-O 13. b3 Qc7 14. Bb2
Nd5 15. Nc3 Nxc3 16. Bxc3 Rd8 17. h3 c5 18. Qd2 Nc6 19. O-O Ne7 20. Bf3 Rb8
21. Rfe1 Nf5 22. Bg4 Qc6 23. Ba5 Bc7 24. Bxc7 Qxc7 25. Qf4 Qxf4 26. Nxf4 Nd4
27. Bxc8 Rbxc8 28. Rac1 c4 29. c3 Nb5 30. a4 Na3 31. b4 Rd2 32. Re2 Rcd8 33.
Kf1 Nc2 34. Rxc2 Rxc2 35. Rxc2 Rd1+ 36. Ke2 Ra1 37. a5 g5 38. Nd5 f5 39. Ne3
f4 40. Nxc4 Kf7 41. Ne5+ Ke6 42. Nc6 Rg1 43. Nxa7 Rxg2 44. b5 Kd7 45. b6 Rg1
46. Rd2+ Ke6 47. b7 Rb1 48. a6 Rb6 49. Nc6 Rxc6 50. b8=Q Rb6 51. Qxb6+
{Black resigns}
1-0